 Dungeon Crawl Stone Soup version 0.31-a0-1-g4198be8af4 (webtiles) character file.

Game seed: 10491501379561794572

893 BlueFish the Sneak (level 8, 0/54 HPs)
             Began as an Octopode Fighter on May 1, 2023.
             Slain by a kobold brigand
             ... wielding a +0 short sword
              (4 damage)
             ... in a sewer.
             The game lasted 00:11:18 (3773 turns).

BlueFish the Sneak (Octopode Fighter)               Turns: 3773, Time: 00:11:18

Health: 0/54       AC: -7    Str: 18    XL:     8   Next: 6%
Magic:  7/9        EV: 14    Int: 12    God:
Gold:   103        SH:  5    Dex: 15    Spells: 2/8 levels left

rFire   . . .        a - +8 short sword of Zuarearr {drain, *Corrode rC+ Int+2 Dex+4}
rCold   + . .        g - +0 buckler
rNeg    . . .        (helmet restricted)
rPois   .            (no amulet)
rElec   .            (no ring)
rCorr   .            (no ring)
SInv    .            (no ring)
Will    .....        (no ring)
Stlth   ++++         (no ring)
HPRegen 0.29/turn    (no ring)
MPRegen 0.11/turn    (no ring)
                     (no ring)

%: corrode self (3%)
@: corroded
A: almost no armour, amphibious, 8 rings, camouflage 1, gelatinous body 1,
(nimble swimmer 1), tentacles
a: no special abilities


You were in a sewer.
You visited 2 branches of the dungeon, and saw 6 of its levels.
You also visited: Sewer.

You collected 299 gold pieces.
You spent 196 gold pieces at shops.

Inventory:

Hand Weapons
 a - the +8 short sword of Zuarearr (weapon) {drain, *Corrode rC+ Int+2 Dex+4}
   (You bought it in a shop on level 4 of the Dungeon)

   Int:       It affects your intelligence (+2).
   Dex:       It affects your dexterity (+4).
   rC:        It protects you from cold.
   *Corrode:  It may corrode you when you take damage.
 b - a +0 sling
 r - a +0 rapier
 w - a +2 dagger of electrocution
Missiles
 d - 53 stones (quivered)
 o - 24 poisoned darts
 s - 5 curare-tipped darts
 t - a throwing net
Armour
 g - a +0 buckler (worn)
Scrolls
 e - 2 scrolls of blinking {unknown}
 f - 4 scrolls of identify {unknown}
 h - 2 scrolls of teleportation
 j - a scroll of noise {unknown}
 l - 2 scrolls of silence {unknown}
 u - a scroll of butterflies {unknown}
 x - a scroll of vulnerability {unknown}
Potions
 c - 7 potions of might
 i - 2 potions of brilliance {unknown}
 k - a potion of attraction {unknown}
 m - a potion of lignification {unknown}
 n - 3 potions of haste {unknown}
 p - a potion of curing {unknown}
 q - a potion of berserk rage {unknown}
 v - a potion of flight {unknown}


   Skills:
 + Level 4.4 Fighting
 + Level 3.8 Short Blades
 + Level 1.1 Throwing
 + Level 4.4 Dodging
 * Level 6.5 Stealth
 + Level 4.5 Shields
 + Level 0.9 Spellcasting
 + Level 1.1 Conjurations
 * Level 1.7 Translocations


You had 2 spell levels left.
You knew the following spells:

 Your Spells              Type           Power      Damage    Failure   Level
a - Blink                 Tloc           8%         N/A       28%         2
b - Lesser Beckoning      Tloc           8%         N/A       28%         2
c - Momentum Strike       Conj/Tloc      6%         3d8       32%         2

Your spell library contained the following spells:

 Spells                   Type           Power      Damage    Failure   Level
 Fireball                 Conj/Fire      0%         3d3       100%        5
 Iskenderun's Battlesphe  Conj           3%         2d6       100%        5
 Conjure Ball Lightning   Conj/Air       0%         3x3d6     100%        6
 Orb of Destruction       Conj           1%         9d5       100%        7


Dungeon Overview and Level Annotations

Branches:
Dungeon (5/15)             Temple (1/1) D:4           Sewer (1/1)

Altars:
Ashenzari
Cheibriados
Dithmenos
Elyvilon
Gozag
Hepliaklqana
Makhleb
Okawaru
Qazlal
Ru
Sif Muna
Uskayaw
Vehumet
Wu Jian
Xom
Zin

Shops:
D:4 =([*:*


Innate Abilities, Weirdness & Mutations

You cannot wear most types of armour.
You are amphibious.
You can wear up to eight rings at the same time.
Your skin changes colour to match your surroundings (Stealth+).
Your rubbery body absorbs attacks. (AC +1, EV +1)
((You are camouflaged when in or above water. (Stealth+)))
You have tentacles for arms and can constrict up to eight enemies at once.


Message History

You kill the kobold brigand!
The kobold brigand barely misses you.
The kobold brigand hits you with a +0 short sword.
You block the kobold's attack.
Your Throwing skill increases to level 1!
Your Conjurations skill increases to level 1!
You hit the kobold brigand. You grab the kobold brigand.
The kobold brigand is moderately wounded.
You constrict the kobold brigand.
The kobold brigand hits you with a +0 dagger.
The kobold brigand hits you with a +0 short sword!
* * * LOW HITPOINT WARNING * * *
You block the kobold's attack.
Okay, then.
You hit the kobold brigand. You grab the kobold brigand.
You squeeze the kobold brigand, but do no damage.
The kobold brigand is severely wounded.
You constrict the kobold brigand. x2; The kobold brigand barely misses you.
You block the kobold brigand's attack. The kobold hits you with a +0 dagger.
* * * LOW HITPOINT WARNING * * *
Your corrosive artefact corrodes you!
You miss the kobold. Your grab misses the kobold.
You squeeze the kobold, but do no damage.
You constrict the kobold brigand. x2
You hit the kobold but do no damage. Your grab misses the kobold.
You constrict the kobold brigand.
You kill the kobold brigand!
You constrict the kobold brigand. You block the kobold brigand's attack.
The kobold closely misses you.
You have reached level 8!
You hit the kobold but do no damage. Your grab misses the kobold.
You constrict the kobold brigand.
The kobold brigand hits you with a +0 short sword.
* * * LOW HITPOINT WARNING * * *
The kobold hits you with a +0 dagger.
* * * LOW HITPOINT WARNING * * *
You hit the kobold but do no damage. Your grab misses the kobold.
You constrict the kobold brigand.
The kobold brigand hits you with a +0 short sword.
You die...

###### ###### #....#
#.[..# #..∩.# #.∩.[#
#....#####.)K.#
#.)..#~≈~#!@).#
###''##~~~##K'##
#..~~~~~≈~#~~..###
#..~~P#~≈~#~~~...#
#...~~#~≈~#~.~...##
#..~~P#~≈~#.......#
#.....#~≈~#~......#
#.....#~~~#~......#
##....#~†~#P~~....##


You could see a kobold brigand and a kobold.

Vanquished Creatures
  Sigmund (D:3)
  An ogre (D:4)
  4 kobold brigands (Sewer)
  A scorpion (D:5)
  An orc priest (D:3)
  A sleepcap (D:4)
  An iguana (D:4)
  7 adders
  3 gnolls (D:4)
  2 worms
  3 dart slugs
  4 orcs (D:3)
  12 ball pythons
  8 endoplasms
  8 giant cockroaches
  9 goblins
  7 hobgoblins
  6 jackals (D:1)
  5 quokkas
  8 bats
  2 frilled lizards
  18 kobolds
  6 rats
118 creatures vanquished.

Vanquished Creatures (others)
  A fungus (D:1)
  2 plants (Sewer)
3 creatures vanquished.

Grand Total: 121 creatures vanquished

Notes
Turn   | Place    | Note
-------+----------+-------------------------------------------
     0 | D:1      | BlueFish the Octopode Fighter began the quest for the Orb.
     0 | D:1      | Reached XP level 1. HP: 16/16 MP: 1/1
   226 | D:1      | Reached skill level 1 in Stealth
   226 | D:1      | Reached XP level 2. HP: 18/21 MP: 2/2
   476 | D:1      | Found a faded altar of an unknown god.
   478 | D:1      | Reached skill level 2 in Stealth
   478 | D:1      | Reached XP level 3. HP: 24/26 MP: 3/3
  1121 | D:2      | Reached XP level 4. HP: 20/31 MP: 4/4
  1279 | D:2      | Reached skill level 3 in Stealth
  1788 | D:3      | Noticed Sigmund
  1832 | D:3      | Found a radiant altar of Vehumet.
  2116 | D:3      | Reached XP level 5. HP: 32/36 MP: 5/5
  2467 | D:3      | Killed Sigmund
  2468 | D:3      | Reached skill level 5 in Stealth
  2468 | D:3      | Reached XP level 6. HP: 43/43 MP: 6/6
  2506 | D:4      | Found a shimmering altar of Xom.
  2638 | D:4      | Found Zin's Purification Station.
  2641 | D:4      | Found a glowing silver altar of Zin.
  2651 | D:4      | Found Enuorph's Book Shoppe.
  2763 | D:4      | Found a staircase to the Ecumenical Temple.
  2800 | D:4      | Found Galuadwa's Antique Weapon Emporium.
  2815 | D:4      | Reached XP level 7. HP: 42/48 MP: 7/7
  2844 | Temple   | Entered the Ecumenical Temple
  2844 | Temple   | Found a transporter.
  2844 | Temple   | Found a transporter.
  2846 | Temple   | Found a transporter.
  2846 | Temple   | Found a transporter.
  2936 | D:4      | Found Migumaq's General Store.
  2942 | D:4      | Bought a scroll of teleportation for 36 gold pieces
  2979 | D:4      | Found Jopiat's Armour Shop.
  3056 | D:4      | Noticed a +0 hand axe
  3056 | D:4      | Noticed a +0 dagger
  3112 | D:4      | Bought a masterwork short sword for 160 gold pieces
  3112 | D:4      | Identified the +8 short sword of Zuarearr {drain, *Corrode
                  | rC+ Int+2 Dex+4} (You bought it in a shop on level 4 of the
                  | Dungeon)
  3172 | D:4      | Found Masynei's Jewellery Boutique.
  3211 | D:4      | Found a hide-covered altar of Uskayaw.
  3240 | D:4      | Found a stormy altar of Qazlal.
  3252 | D:4      | Learned a level 2 spell: Blink
  3255 | D:4      | Learned a level 2 spell: Lesser Beckoning
  3258 | D:4      | Learned a level 2 spell: Momentum Strike
  3393 | D:5      | Entered Level 5 of the Dungeon
  3410 | D:5      | Found a glowing drain.
  3452 | Sewer    | Entered a sewer
  3594 | Sewer    | Reached skill level 6 in Stealth
  3670 | Sewer    | Reached skill level 1 in Translocations
  3768 | Sewer    | Reached skill level 1 in Throwing
  3768 | Sewer    | Reached skill level 1 in Conjurations
  3772 | Sewer    | Reached XP level 8. HP: 11/54 MP: 7/9
  3773 | Sewer    | Slain by a kobold brigand

Illustrated notes

Levels and vault maps discovered:
D:1:      giann_forest_graveyard, layout_basic,
          dreamdust_ecumenical_altar_hidden_monk_grotto
D:2:      layout_loops_ring, dreamdust_princess_corridor
D:3:      layout_basic, nicolae_vehumet_radiance, uniq_sigmund
D:4:      layout_loops_ring, dancing_weapons_uskayaw, xom_butterflies,
          nicolae_qazlal_scattered_showers, zin_purify,
          minmay_temple_entry_large_hall, serial_shops, kennysheep_little_box,
          nicolae_shop_behind_doors, nicolae_shop_waterfront, shop,
          nicolae_stop_n_shop_2, nrook_mini_vaults, nrook_loot_triangle
D:5:      layout_rooms, mainiacjoe_overflow_cross_hatched, portal_sewer_entry_f,
          minmay_misc_feat_secret_circle
Temple:   hellmonk_temple_divided_pantheon
Sewer:    kennysheep_pipe_town

Skill      XL: |  1  2  3  4  5  6  7 |
---------------+----------------------+-----
Stealth        | 1 2 3 5 6 |  6.5
Short Blades   | 3 |  3.8
Shields        | 4 |  4.5
Fighting       | 4 |  4.4
Dodging        | 4 |  4.4
Translocations | 1 |  1.7
Throwing       | 1 |  1.1
Conjurations   | 1 |  1.1
Spellcasting   | |  0.9

Action                     |  1- 3 |  4- 6 |  7- 9 || total
---------------------------+-------+-------+-------++-------
  Melee: Rapier            |    56 |    39 |       ||    95
         Constrict         |    17 |    15 |    14 ||    46
         Punch             |     2 |     1 |     2 ||     5
         Tentacles         |    13 |    16 |    11 ||    40
         Dagger            |       |    16 |     6 ||    22
         Short sword       |       |       |    42 ||    42
   Fire: Sling             |    39 |    41 |    57 ||   137
   Stab: Sleeping          |     5 |     1 |     3 ||     9
         Distracted        |     1 |       |       ||     1
 Armour: Skin              |     3 |     1 |       ||     4
  Dodge: Dodged            |    29 |    29 |    34 ||    92
  Block: Buckler           |     8 |    13 |    13 ||    34

Table legend: (Time is in decaauts)
 A = Elapsed time spent in this place.
 B = Non-inter-level travel time spent in this place.
 C = Inter-level travel time spent in this place.
 D = Time resting spent in this place.
 E = Time spent auto-exploring this place.
 F = Levels seen in this place.
 G = Mean time per level.
                   A        B        C        D        E       F      G
               +--------+--------+--------+--------+--------+-----+--------+
         Total |   3783 |   3684 |     99 |      0 |   2578 |   7 |  540.4 |
       Dungeon |   3428 |   3329 |     99 |      0 |   2429 |   5 |  685.6 |
        Temple |     37 |     37 |      0 |      0 |      1 |   1 |   37.0 |
         Sewer |    317 |    317 |      0 |      0 |    148 |   1 |  317.0 |
               +--------+--------+--------+--------+--------+-----+--------+

Top non-repeatable levels by time:
     D:1: 948 daAuts
     D:3: 848 daAuts
     D:4: 844 daAuts
     D:2: 725 daAuts
   Sewer: 317 daAuts
     D:5: 61 daAuts
  Temple: 37 daAuts
